 Dungeon Crawl Stone Soup version 0.19-a0-994-g3c636f0 (webtiles) character file.

6237 Arkorax the Brawler (level 10, -17/81 HPs)
             Began as a Troll Venom Mage on July 15, 2016.
             Killed from afar by a lich (24 damage)
             ... with a poison arrow
             ... on level 3 of the Abyss.
             The game lasted 00:11:46 (6728 turns).

Arkorax the Brawler (Troll Venom Mage)              Turns: 6728, Time: 00:11:47

Health: -17/81     AC:  9    Str: 18    XL:     10   Next: 62%
Magic:  10/10      EV: 10    Int: 22    God:
Gold:   510        SH:  0    Dex: 18    Spells: 2 memorised, 4 levels left

rFire  + + .     SeeInvis +       - Unarmed
rCold  . . .     Gourm    +     s - +2 robe {rF+}
rNeg   . . .     Faith    .     (no shield)
rPois  .         Spirit   .     E - +2 hat {Int+3}
rElec  .         Dismiss  .     (no cloak)
rCorr  .         Reflect  .     (gloves unavailable)
SustAt .         Harm     .     (boots unavailable)
MR     .....                    (no amulet)
Stlth  +++.......               D - ring of see invisible
                                A - ring "Miederua" {*Corrode rF+ Int+8 Dex+5 Stlth+}

@: lethally poisoned (-17 -> -23), studying Fighting, not resistant to hostile
enchantments, fairly stealthy
A: unfitting armour, claws 3, fast metabolism 3, gourmand, regeneration 2,
shaggy fur 1, tough skin 2
a: no special abilities


You were on level 3 of the Abyss.
You were full.

You visited 1 branch of the dungeon, and saw 10 of its levels.
You visited the Abyss 1 time.
You also visited: Ossuary.

You collected 510 gold pieces.

Inventory:

Hand Weapons
 H - a +2 giant spiked club
Armour
 s - a +2 robe of fire resistance (worn)
 E - a +2 hat of intelligence (worn)
Rods
 e - a +2 rod of inaccuracy (16/16)
   (You found it on level 3 of the Dungeon)
Jewellery
 x - an uncursed ring of magical power
 y - an uncursed amulet of regeneration {unknown}
 A - the ring "Miederua" (left claw) {*Corrode rF+ Int+8 Dex+5 Stlth+}
   (You found it on level 6 of the Dungeon)

   [ring of protection from fire]

   It affects your intelligence (+8).
   It affects your dexterity (+5).
   It protects you from fire.
   It may corrode you when you take damage.
   It makes you more stealthy.
 D - a ring of see invisible (right claw)
 F - an uncursed amulet of dismissal {unknown}
 M - a cursed ring of teleportation {unknown}
Scrolls
 a - 2 scrolls of blinking {unknown}
 d - 2 scrolls of fear {unknown}
 g - 5 scrolls of enchant armour {unknown}
 i - 5 scrolls of remove curse
 j - 10 scrolls of identify
 m - 2 scrolls of amnesia {unknown}
 t - a scroll of recharging
 u - a scroll of random uselessness {unknown}
 v - a scroll of teleportation {unknown}
 w - a scroll of fog {unknown}
Potions
 l - 2 potions of brilliance
 n - 3 potions of mutation {unknown}
 o - 2 potions of resistance
 p - a potion of lignification
 q - 4 potions of haste {unknown}
 r - 3 potions of degeneration {unknown}
 z - a potion of agility {unknown}
 B - a potion of heal wounds {unknown}
 G - 2 potions of cure mutation {unknown}
 J - 2 potions of flight {unknown}
Books
 b - a Young Poisoner's Handbook

   Spells                             Type                      Level
   a - Sting                          Conjuration/Poison           1
   b - Mephitic Cloud                 Conjuration/Poison/Air       3
   c - Olgreb's Toxic Radiance        Poison                       4
   d - Alistair's Intoxication        Transmutation/Poison         5
   e - Venom Bolt                     Conjuration/Poison           5
 k - a book of Air

   Spells                             Type                      Level
   a - Shock                          Conjuration/Air              1
   b - Swiftness                      Charms/Air                   2
   c - Repel Missiles                 Charms/Air                   2
   d - Static Discharge               Conjuration/Air              3
   e - Lightning Bolt                 Conjuration/Air              5
 C - a manual of Fighting
 K - a book of Annihilations

   Spells                             Type                      Level
   a - Poison Arrow                   Conjuration/Poison           6
   b - Chain Lightning                Conjuration/Air              8
   c - Lehudib's Crystal Spear        Conjuration/Earth            8
   d - Glaciate                       Conjuration/Ice              9
   e - Fire Storm                     Conjuration/Fire             9
 L - a book of Transfigurations

   Spells                             Type                      Level
   a - Irradiate                      Conjuration/Transmutation    5
   b - Statue Form                    Transmutation/Earth          6
   c - Hydra Form                     Transmutation                6
   d - Dragon Form                    Transmutation                7
Miscellaneous
 I - a sack of spiders
Comestibles
 c - 8 bread rations
 f - 5 meat rations
 h - 7 beef jerkies


   Skills:
 - Level 1.5 Dodging
 - Level 1.1 Stealth
 + Level 15.2 Unarmed Combat
 - Level 1.2 Spellcasting
 - Level 2.9 Poison Magic


You had 4 spell levels left.
You knew the following spells:

 Your Spells              Type           Power        Failure   Level  Hunger
a - Sting                 Conj/Pois      #...         10%         1    ##.....
b - Statue Form           Tmut/Erth      #........    100%        6    #######


Dungeon Overview and Level Annotations

Branches:
Dungeon (10/15)              Lair (0/6) D:9
 Temple: D:4-7          Orc: D:9-12

Altars:
Kikubaaqudgha

Shops:
D:4 [[   D:7 (

Annotations:
D:4 Arkorax's ghost, amateur TrVM
D:10 Erolcha


Innate Abilities, Weirdness & Mutations

You are too large for most types of armour.
You have claws for hands.
Your metabolism is lightning-fast.
You like to eat raw meat.
You heal very quickly.
You are covered in fur. (AC +1)
You have very tough skin. (AC +2)


Message History

Found a helmet.
A raiju comes into view.
A ghost moth simulacrum comes into view.
Found 25 stones.
A small abomination comes into view.
Found a halberd.
A small abomination comes into view.
You mangle the ghost moth simulacrum!! The ghost moth simulacrum hits you.
The ghost moth simulacrum freezes you!! The ghost moth simulacrum hits you!
The ghost moth simulacrum freezes you!!
* * * LOW HITPOINT WARNING * * *
The ghost moth simulacrum hits you but does no damage.
Found 16 gold pieces.
A lich comes into view.
A large abomination comes into view.
The lich shouts!
The lich points at you and mumbles some strange words.
The poison arrow hits you!
You are poisoned.
You die...

# ## ...#.# ## $.
#...#..##.#.#. ..# ..
#.. ## ..#...# .. #..
.#...##.##...##.##..#
#### #..##..#.......#
##...#.)...#..##.#...##
#x# .....#......#.#....
#..##.#.##.#x#......#..
. ..##. .#.Z..@......#
....#...##.#####....#...
. ##.##x. ## .#..#..# .
. ### # #. ..L#... #..
.. #..# # .. ### .#..
##X.. #.


You could see a lich, a large abomination, a small abomination and a ghost moth
simulacrum.

Vanquished Creatures
  Gastronok (D:8)
  An efreet (D:8)
  Sigmund (D:5)
  A mottled dragon (D:8)
  2 hell hounds (D:9)
  5 orc warriors
  2 black bears
  A sky beast (D:8)
  A wasp (D:7)
  3 centaurs
  2 phantoms
  6 ogres
  3 giant frogs
  2 scorpions
  3 killer bees (D:7)
  2 howler monkeys
  4 wights (D:8)
  A giant frog zombie (D:7)
  2 crimson imps (D:6)
  A centaur zombie (D:9)
  A giant frog skeleton (D:4)
  A gnoll shaman (D:6)
  6 orc priests
  4 hounds
  2 jellies
  A centaur skeleton (D:5)
  5 orc wizards
  3 iguanas
  8 worker ants
  A hound skeleton (D:6)
  5 mummies
  2 worker ant zombies
  12 gnolls
  9 adders
  A shadow imp (D:5)
  2 adder zombies
  2 worms (D:4)
  2 adder skeletons
  3 dart slugs
  A giant gecko (D:6)
  24 orcs
  6 giant cockroaches
  3 gnoll zombies (Ossuary)
  3 goblins
  2 hobgoblins (D:3)
  6 jackals
  3 kobolds
  6 quokkas
  3 bats
  A giant newt (D:7)
  3 goblin zombies (Ossuary)
  2 jackal zombies
  A kobold zombie (Ossuary)
  An orc zombie (Ossuary)
  A quokka zombie (D:7)
  2 rats (D:3)
  2 rat zombies (Ossuary)
  A fungus (D:3)
185 creatures vanquished.

Notes
Turn   | Place    | Note
-------+----------+-------------------------------------------
     0 | D:1      | Arkorax the Troll Venom Mage began the quest for the Orb.
     0 | D:1      | Reached XP level 1. HP: 16/16 MP: 1/1
   144 | D:1      | Reached skill level 1 in Unarmed Combat
   260 | D:1      | Reached XP level 2. HP: 23/24 MP: 2/2
   302 | D:1      | Reached skill level 2 in Unarmed Combat
   434 | D:3      | Reached XP level 3. HP: 30/31 MP: 3/3
   483 | D:3      | Reached skill level 3 in Unarmed Combat
   608 | D:3      | Reached XP level 4. HP: 39/39 MP: 4/4
   751 | D:4      | Reached skill level 4 in Unarmed Combat
   761 | D:4      | Noticed Arkorax's ghost (amateur TrVM)
   886 | D:4      | Found Focafru's Antique Armour Boutique.
   898 | D:4      | Reached XP level 5. HP: 38/45 MP: 5/5
   912 | D:4      | Noticed a phantom
   955 | D:4      | Reached skill level 5 in Unarmed Combat
  1032 | D:4      | Killed a phantom
  1032 | D:4      | Reached skill level 6 in Unarmed Combat
  1032 | D:4      | Reached XP level 6. HP: 53/53 MP: 6/6
  1061 | D:4      | Found a sand-covered staircase.
  1070 | Ossuary  | Entered an ossuary
  1391 | D:4      | Found Naggirr's Armour Shop.
  1403 | D:5      | Entered Level 5 of the Dungeon
  1421 | D:5      | Reached skill level 7 in Unarmed Combat
  1451 | D:5      | Reached XP level 7. HP: 56/59 MP: 7/7
  1777 | D:5      | Reached skill level 8 in Unarmed Combat
  1860 | D:5      | Noticed Sigmund
  1871 | D:5      | Killed Sigmund
  1871 | D:5      | Reached skill level 9 in Unarmed Combat
  1899 | D:5      | Identified a +1 rod of inaccuracy (14/14) (You found it on level 3 of the Dungeon)
  1951 | D:5      | Reached XP level 8. HP: 65/67 MP: 8/8
  2356 | D:6      | Reached skill level 10 in Unarmed Combat
  2857 | D:6      | Reached skill level 11 in Unarmed Combat
  2994 | D:6      | Got a fine brass ring
  3377 | D:7      | Reached XP level 9. HP: 74/74 MP: 9/9
  3421 | D:7      | Found Nunoj's Antique Weapon Shop.
  3768 | D:7      | Found an ancient bone altar of Kikubaaqudgha.
  3939 | D:7      | Reached skill level 12 in Unarmed Combat
  4586 | D:8      | Noticed Gastronok
  4610 | D:8      | Killed Gastronok
  4610 | D:8      | Reached skill level 14 in Unarmed Combat
  4610 | D:8      | Reached XP level 10. HP: 44/81 MP: 10/10
  5119 | D:8      | Noticed a five-headed hydra
  5376 | D:8      | HP: 4/81 [seven-headed hydra (10)]
  5583 | D:8      | Identified the ring "Miederua" {*Corrode rF+ Int+8 Dex+5 Stlth+} (You found it on level 6 of the Dungeon)
  5873 | D:9      | Learned a level 6 spell: Statue Form
  6313 | D:9      | Found a staircase to the Lair.
  6325 | D:9      | Reached skill level 15 in Unarmed Combat
  6647 | D:10     | Entered Level 10 of the Dungeon
  6649 | D:10     | Noticed Erolcha
  6653 | D:10     | Cast into level 1 of the Abyss (Erolcha)
  6688 | Abyss:3  | Noticed a water nymph
  6688 | Abyss:3  | Noticed a worldbinder
  6720 | Abyss:3  | HP: 1/81 [ghost moth simulacrum (35)]
  6726 | Abyss:3  | Noticed a lich
  6728 | Abyss:3  | Killed from afar by a lich

Vault maps used:
D:1:      minmay_arrival_shattered_statue, minmay_misc_feat_rows,
          patterned_corridor
D:3:      makhleb_blood_cavern_becter, first_bread, minmay_gold_behind_fungi,
          uniq_jessica, uniq_robin
D:4:      gup_ossuary_entry_pyramid, serial_shops, shop, shop_statue,
          nicolae_shop_temple_entry_statues_fountains
D:5:      minivault_5, grunt_ministairs_5, uniq_menkaure, uniq_sigmund
D:7:      serial_shops, shop, basic_altar, grunt_ogre_cave,
          hangedman_decor_diamond_cutter, minmay_misc_feat_columns
D:8:      minmay_evil_grid, uniq_gastronok
D:9:      minmay_lair_entry_lava
D:10:     orc_0_dummy, serial_shops, shop_statue, shop, kennysheep_mini, shop,
          uniq_urug, uniq_erolcha, uniq_joseph
Abyss:3:  evilmike_abyss_exit_9, grunt_abyss_rune_forest_and_sorcery
Ossuary:  ossuary_minmay_tomb_2a

Skill      XL: |  1  2  3  4  5  6  7  8  9 10 |
---------------+-------------------------------+-----
Unarmed Combat | 1 2 3 4 6 7 9 11 14 15 | 15.2
Dodging        | |  1.5
Stealth        | |  1.1
Spellcasting   | |  1.2
Poison Magic   | |  2.9

Action                   |  1- 3 |  4- 6 |  7- 9 | 10-12 || total
-------------------------+-------+-------+-------+-------++-------
Melee: Unarmed           |    83 |   151 |   270 |   112 ||   616
       Punch             |     1 |     3 |     7 |    10 ||    21
       Giant spiked club |       |       |       |     1 ||     1
Throw: Throwing net      |       |       |       |     1 ||     1
Evoke: Rod               |       |       |       |     4 ||     4
  Use: Potion            |       |     3 |     2 |       ||     5
       Scroll            |       |       |     2 |     4 ||     6
 Stab: Sleeping          |     5 |       |     4 |     2 ||    11
       Distracted        |       |       |       |     1 ||     1
  Eat: Chunk             |     7 |     9 |    31 |    18 ||    65
Armor: Robe              |    26 |    66 |    62 |    29 ||   183
       Skin              |       |       |     3 |       ||     3
Dodge: Dodged            |    37 |   111 |   112 |    39 ||   299
